Map: Dusk Towers

Players

icArus

  • Race: Zerg Zerg
  • League: Master

MCanning - Winner!

  • Race: Protoss Protoss
  • League: Grandmaster

VOD

http://www.twitch.tv/mcanning/v/30690643

Description

Time

  • Played on: Dec. 19, 2015, 2:32 a.m.
  • Length: 24:23
Show
View Real Time Build Order
Export as new Build Order

icArus Zerg 

Build Orders: Hatch First 

Get SALT Encoding   

  12  0:01  Drone  
  13  0:12  Overlord  
  13  0:17  Drone  
  14  0:31  Drone x2  
  14  0:35  Drone  
  17  0:51  Hatchery  
  17  0:54  Drone  
  17  0:57  Drone  
  18  1:12  Spawning Pool  
  18  1:13  Drone  
  18  1:20  Drone  
  19  1:28  Drone  
  20  1:46  Overlord  
  20  1:50  Hatchery  
  19  1:58  Queen  
  19  1:59  Zergling x2  
  22  2:05  Queen  
  24  2:09  Drone  
  24  2:12  Drone  
  26  2:16  Drone  
  27  2:24  Drone  
  27  2:25  Drone  
  29  2:33  Drone  
  29  2:34  Queen  
  32  2:38  Drone  
  32  2:39  Drone  
  34  2:44  Drone  
  34  2:48  Drone  
  36  3:03  Drone x2, Overlord, Queen  
  40  3:06  Drone  
  40  3:07  Overlord  
  40  3:08  Drone  
  40  3:12  Overlord  
  42  3:15  Overlord  
  42  3:21  Extractor  
  42  3:22  Extractor  
  39  3:29  Drone x4  
  39  3:30  Drone x3  
  46  3:42  Drone x3  
  49  3:49  Hatchery  
  49  3:50  Drone x2  
  49  3:51  Drone  
  49  3:52  Drone x3  
  49  3:54  Drone  
  55  3:58  Drone x2  
  57  4:08  Drone x4  
  57  4:09  Drone x2  
  63  4:12  Metabolic Boost  
  63  4:18  Drone x5  
  63  4:21  Extractor x2  
  66  4:26  Lair  
  66  4:30  Evolution Chamber  
  65  4:32  Evolution Chamber, Drone x2  
  65  4:33  Roach Warren  
  65  4:34  Drone  
  65  4:37  Extractor  
  65  4:40  Drone  
  65  4:44  Overlord  
  65  4:45  Drone x3  
  69  4:46  Drone x2  
  69  4:52  Drone x3  
  74  4:54  Overlord  
  74  4:55  Overlord x2  
  74  4:59  Zerg Melee Weapons Level 1  
  74  5:01  Zerg Ground Armor Level 1  
  74  5:04  Drone x2  
  74  5:06  Overlord  
  76  5:08  Overlord  
  76  5:11  Overlord  
  76  5:19  Roach x5  
  76  5:20  Zergling x2  
  87  5:25  Glial Reconstitution  
  87  5:28  Zergling x8  
  89  5:30  Infestation Pit  
  89  5:32  Zergling x6  
  89  5:34  Overlord  
  93  5:36  Overlord  
  93  5:38  Overseer  
  93  5:43  Drone x3  
  93  5:46  Spine Crawler  
  95  5:50  Drone, Spore Crawler  
  95  5:52  Overseer  
  95  5:53  Ravager  
  95  5:54  Ravager x3  
  95  5:56  Roach  
  101  5:58  Zergling x16  
  111  6:04  Roach x4  
  111  6:08  Zergling x6  
  120  6:12  Zergling x10  
  120  6:17  Hive  
  125  6:19  Drone x2  
  125  6:22  Ravager  
  127  6:30  Zergling x8  
  131  6:41  Roach x6  
  131  6:42  Overlord  
  131  6:43  Overlord x2  
  143  6:51  Overlord  
  143  6:53  Overlord  
  143  6:55  Zerg Melee Weapons Level 2  
  143  6:57  Overlord  
  143  7:04  Zerg Ground Armor Level 2  
  143  7:05  Overlord  
  143  7:06  Zergling x26  
  156  7:18  Spine Crawler  
  156  7:19  Drone x3, Spore Crawler  
  156  7:33  Adrenal Glands  
  156  7:34  Zergling x14  
  156  7:35  Zergling x6  
  156  7:36  Overlord, Ultralisk Cavern  
  165  7:40  Drone x2  
  167  7:47  Zergling x10  
  172  7:56  Zergling x12  
  166  8:08  Zergling x14  
  173  8:15  Spine Crawler  
  173  8:16  Overseer  
  173  8:17  Spine Crawler  
  173  8:19  Drone  
  173  8:20  Drone, Spine Crawler  
  173  8:21  Drone  
  173  8:24  Ultralisk x3  
  191  8:30  Chitinous Plating  
  191  8:35  Zergling x2  
  191  8:36  Zergling x14  
  199  8:53  Extractor  
  198  9:01  Zergling x2  
  198  9:02  Zergling x2  
  197  9:17  Hatchery x2  
  197  9:18  Overseer  
  197  9:21  Overseer  
  197  9:23  Overseer  
  192  9:24  Overseer  
  192  9:31  Drone x8  
  199  9:45  Zerg Ground Armor Level 3, Zerg Melee Weapons Level 3  
  199  9:48  Spire  
  198  9:56  Overseer  
  194  10:20  Ultralisk x2  
  200  10:22  Zergling x4  
  193  10:30  Zergling x12  
  193  10:31  Zergling x2  
  197  10:45  Overseer  
  194  10:55  Spine Crawler  
  194  10:56  Spine Crawler  
  189  10:58  Ultralisk  
  189  11:03  Spine Crawler, Zergling x16  
  195  11:22  Extractor  
  194  11:26  Spine Crawler  
  194  11:28  Extractor  
  194  11:31  Extractor  
  191  11:34  Extractor  
  154  11:41  Ultralisk x5  
  154  11:43  Zergling x2  
  154  11:44  Zergling x32  
  194  11:50  Zergling x14  
  199  12:06  Spine Crawler  
  198  12:20  Hatchery  
  197  12:24  Spine Crawler  
  186  12:47  Zergling x2  
  186  12:48  Zergling x30  
  188  12:56  Zergling x16  
  186  13:04  Greater Spire  
  186  13:05  Zerg Missile Weapons Level 1  
  186  13:06  Ultralisk x2  
  197  13:24  Spine Crawler x2  
  195  13:45  Hatchery  
  177  14:41  Corruptor x4  
  177  14:44  Ultralisk x2  
  196  15:20  Zergling x46  
  196  15:21  Zergling x8  
  178  15:23  Ultralisk x3  
  152  15:29  Pathogen Glands  
  152  15:37  Zergling x18  
  152  15:38  Zergling x2  
  152  15:41  Brood Lord x3  
  163  15:48  Brood Lord  
  158  15:50  Zergling x4  
  160  16:01  Drone x2  
  152  16:22  Zergling x4  
  152  16:23  Zergling x16  
  162  16:38  Zergling x2  
  162  16:39  Zergling x12  
  169  16:44  Drone x2  
  169  17:02  Ultralisk  
  169  17:04  Zergling x10  
  167  17:29  Ultralisk x2  
  179  17:30  Zergling x6  
  150  17:52  Zergling x16  
  150  17:53  Zergling x8  
  150  17:57  Zergling x2  
  150  17:58  Zergling x4  
  147  18:12  Zergling x12  
  141  18:16  Zergling x8  
  123  18:25  Corruptor  
  123  18:26  Corruptor  
  127  18:30  Zergling x6  
  130  18:40  Zergling x2  
  130  18:41  Zergling x8  
  135  18:48  Ultralisk  
  141  18:54  Corruptor  
  139  19:26  Hatchery  
  138  20:00  Corruptor x6  
  150  20:19  Hatchery  
  150  20:21  Infestor  
  149  20:23  Infestor  
  153  20:29  Infestor  
  153  20:47  Overseer  
  152  20:59  Infestor x3  
  152  21:00  Corruptor  
  158  21:20  Brood Lord x2  
  162  21:31  Infestor  
  162  21:56  Brood Lord x2  
  164  22:03  Drone x2  
  164  22:16  Infestor  
  162  22:45  Infestor x3  
  168  22:53  Hatchery  
  168  22:54  Infestor  
  168  22:56  Infestor  
  171  23:09  Infestor  
  171  23:10  Infestor  
  143  23:42  Corruptor  
  143  23:43  Corruptor x3  
  111  24:00  Zergling x12  
Show
View Real Time Build Order
Export as new Build Order

MCanning Protoss - Winner!

Build Orders: Nexus First 

Get SALT Encoding   

  12  0:02  Probe (Chrono Boost)  
  13  0:12  Probe (Chrono Boost)  
  14  0:21  Pylon  
  14  0:23  Probe (Chrono Boost)  
  15  0:39  Probe (Chrono Boost)  
  17  0:50  Probe (Chrono Boost)  
  17  0:58  Nexus  
  17  1:07  Gateway  
  17  1:13  Probe (Chrono Boost)  
  18  1:21  Assimilator  
  18  1:23  Probe (Chrono Boost)  
  19  1:26  Assimilator  
  19  1:34  Probe (Chrono Boost)  
  19  1:37  Pylon  
  20  1:44  Probe (Chrono Boost)  
  21  1:55  Probe (Chrono Boost)  
  21  1:59  Cybernetics Core  
  22  2:05  Probe (Chrono Boost)  
  23  2:09  Zealot  
  23  2:12  Probe (Chrono Boost)  
  26  2:16  Probe (Chrono Boost)  
  26  2:22  Probe (Chrono Boost)  
  28  2:26  Probe (Chrono Boost)  
  29  2:32  Probe (Chrono Boost)  
  31  2:39  Mothership Core (Chrono Boost), Stalker (Chrono Boost)  
  31  2:40  Warp Gate  
  31  2:43  Probe (Chrono Boost)  
  35  2:54  Probe (Chrono Boost)  
  35  2:58  Probe (Chrono Boost)  
  37  3:04  Probe (Chrono Boost)  
  38  3:08  Sentry, Probe (Chrono Boost)  
  41  3:15  Probe (Chrono Boost)  
  41  3:19  Probe (Chrono Boost), Nexus  
  43  3:21  Pylon  
  44  3:27  Probe (Chrono Boost)  
  44  3:29  Probe (Chrono Boost), Pylon  
  45  3:37  Probe (Chrono Boost)  
  45  3:40  Sentry, Probe (Chrono Boost)  
  49  3:42  Pylon  
  49  3:48  Probe (Chrono Boost)  
  50  3:50  Probe (Chrono Boost)  
  51  3:57  Gateway  
  51  3:58  Gateway, Probe (Chrono Boost)  
  51  4:02  Probe (Chrono Boost), Robotics Facility  
  53  4:09  Probe (Chrono Boost)  
  54  4:12  Probe (Chrono Boost), Assimilator  
  54  4:16  Assimilator  
  55  4:20  Probe (Chrono Boost)  
  55  4:21  Forge  
  55  4:23  Probe (Chrono Boost)  
  57  4:30  Probe (Chrono Boost)  
  58  4:32  Probe (Chrono Boost)  
  58  4:33  Probe (Chrono Boost)  
  60  4:41  Probe (Chrono Boost)  
  60  4:42  Probe (Chrono Boost)  
  60  4:43  Protoss Ground Weapons Level 1  
  60  4:44  Probe (Chrono Boost)  
  63  4:48  Sentry  
  63  4:50  Twilight Council  
  63  4:51  Probe (Chrono Boost)  
  63  4:52  Probe (Chrono Boost)  
  66  4:53  Pylon  
  66  4:55  Probe (Chrono Boost)  
  66  4:59  Observer (Chrono Boost)  
  69  5:02  Probe x2  
  69  5:06  Gateway, Zealot, Probe  
  74  5:07  Pylon  
  74  5:09  Stalker  
  74  5:12  Probe  
  74  5:14  Probe  
  78  5:18  Probe, Observer (Chrono Boost)  
  80  5:22  Robotics Bay  
  80  5:24  Gateway  
  80  5:26  Stalker x2  
  85  5:28  Probe  
  85  5:34  Probe  
  86  5:36  Dark Shrine  
  86  5:37  Probe  
  86  5:40  Pylon, Warp Prism (Chrono Boost)  
  89  5:43  Blink (Chrono Boost)  
  89  5:45  Assimilator  
  89  5:47  Probe  
  89  5:49  Assimilator  
  90  5:52  Probe  
  91  5:57  Stalker x3  
  91  6:00  Probe  
  98  6:07  Probe  
  98  6:08  Probe  
  100  6:12  Probe  
  100  6:18  Probe  
  101  6:22  Gateway  
  101  6:23  Disruptor (Chrono Boost)  
  101  6:24  Gateway  
  105  6:28  Nexus  
  105  6:31  Pylon  
  105  6:32  Pylon  
  105  6:36  Stalker x2  
  105  6:39  Protoss Ground Weapons Level 2 (Chrono Boost)  
  108  6:40  Pylon  
  108  6:41  Pylon  
  108  6:43  Probe  
  108  6:44  Pylon  
  109  6:56  Disruptor (Chrono Boost)  
  109  6:58  Robotics Facility  
  109  7:00  Probe, Pylon  
  113  7:02  Zealot  
  113  7:03  Pylon, Zealot x3  
  113  7:04  Pylon  
  113  7:05  Stalker  
  123  7:24  Disruptor  
  123  7:29  Probe  
  123  7:30  Probe  
  123  7:33  Stalker x3  
  123  7:34  Stalker x4  
  138  7:43  Charge (Chrono Boost)  
  138  7:48  Disruptor (Chrono Boost)  
  139  7:52  Probe  
  139  7:58  Disruptor (Chrono Boost)  
  143  8:06  Probe  
  143  8:07  Nexus  
  143  8:09  Pylon  
  143  8:10  Pylon  
  143  8:12  Photon Cannon  
  144  8:14  Photon Cannon  
  144  8:15  Photon Cannon  
  144  8:16  Photon Cannon  
  144  8:24  Immortal (Chrono Boost)  
  148  8:27  Zealot x2  
  148  8:32  Immortal (Chrono Boost)  
  156  8:37  Stargate  
  156  8:39  Stargate  
  155  8:43  Dark Templar  
  155  8:48  Pylon  
  157  8:50  Pylon  
  157  8:52  Pylon  
  157  8:56  Photon Cannon  
  157  8:58  Assimilator  
  157  9:01  Immortal (Chrono Boost)  
  157  9:02  Probe  
  162  9:03  Dark Templar x4  
  162  9:04  Assimilator  
  162  9:07  Archon x2  
  162  9:08  Pylon  
  162  9:09  Pylon  
  170  9:11  Probe  
  170  9:12  Probe  
  170  9:13  Pylon  
  170  9:14  Probe  
  170  9:17  Zealot  
  175  9:29  Immortal (Chrono Boost)  
  179  9:34  Probe  
  179  9:35  Probe  
  181  9:39  Immortal (Chrono Boost)  
  181  9:41  Dark Templar  
  181  9:42  Dark Templar  
  183  9:46  Dark Templar  
  183  9:50  Probe x2  
  183  9:51  Pylon  
  187  10:02  Immortal (Chrono Boost)  
  191  10:08  Zealot  
  191  10:09  Zealot  
  191  10:10  Sentry  
  191  10:12  Zealot  
  195  10:20  Zealot x3  
  199  10:22  Photon Cannon  
  199  10:23  Protoss Ground Weapons Level 3 (Chrono Boost), Photon Cannon x2  
  199  10:28  Zealot  
  193  10:30  Probe  
  189  10:38  Pylon  
  189  10:39  Probe  
  189  10:40  Zealot x4  
  197  10:43  Dark Templar  
  197  10:44  Fleet Beacon  
  197  10:47  Probe  
  194  11:01  Zealot x5  
  194  11:04  Observer x2 (Chrono Boost)  
  198  11:06  Observer Gravitic Boosters  
  198  11:07  Nexus  
  198  11:09  Pylon  
  198  11:11  Pylon  
  194  11:17  Probe  
  193  11:21  Dark Templar x3  
  199  11:27  Archon  
  199  11:33  Photon Cannon  
  199  11:34  Photon Cannon  
  199  11:37  Photon Cannon  
  199  11:39  Photon Cannon  
  179  11:41  Photon Cannon  
  179  11:44  Assimilator  
  179  11:45  Immortal (Chrono Boost)  
  179  11:46  Immortal (Chrono Boost), Dark Templar  
  148  11:47  Dark Templar x2  
  148  11:48  Dark Templar  
  148  11:49  Assimilator  
  148  11:53  Archon  
  152  11:54  Archon  
  152  11:58  Dark Templar  
  154  12:02  Dark Templar x2  
  156  12:18  Probe  
  156  12:19  Probe  
  156  12:20  Immortal (Chrono Boost), Disruptor (Chrono Boost)  
  165  12:22  Probe  
  165  12:24  Probe  
  167  12:31  Dark Templar  
  167  12:33  Zealot x2  
  167  12:34  Zealot x2  
  174  12:47  Zealot x2  
  176  12:53  Pylon  
  176  12:57  Colossus (Chrono Boost), Disruptor (Chrono Boost)  
  183  13:05  Nexus  
  176  13:13  Dark Templar x2  
  176  13:15  Zealot x4  
  176  13:16  Zealot  
  176  13:19  Archon  
  186  13:28  Disruptor (Chrono Boost)  
  189  13:39  Probe, Nexus  
  188  13:42  Photon Cannon  
  188  13:44  Disruptor (Chrono Boost)  
  191  13:52  Dark Templar x2  
  195  13:56  Archon  
  195  14:03  Probe  
  195  14:05  Dark Templar  
  195  14:09  Zealot  
  200  14:18  Photon Cannon  
  196  14:24  Probe  
  196  14:25  Probe  
  196  14:26  Probe  
  199  14:35  Dark Templar  
  199  14:39  Probe  
  200  14:53  Nexus  
  200  14:58  Photon Cannon  
  200  15:01  Templar Archives  
  200  15:06  Dark Templar  
  156  15:29  Stalker x6  
  156  15:32  Disruptor x2 (Chrono Boost)  
  156  15:33  Probe  
  173  15:38  Probe  
  164  15:51  Probe  
  164  15:54  Gateway  
  165  15:59  Dark Templar x3  
  165  16:04  Immortal x2 (Chrono Boost), Zealot x3  
  179  16:09  Photon Cannon  
  185  16:22  Nexus  
  179  16:32  Zealot  
  179  16:33  Zealot x2  
  179  16:39  Dark Templar  
  195  16:51  Tempest (Chrono Boost)  
  197  16:56  Stalker x3  
  197  16:57  Stalker x2  
  193  17:02  Tempest (Chrono Boost)  
  187  17:23  Stalker x4  
  194  17:40  Tempest (Chrono Boost)  
  146  18:00  Tempest (Chrono Boost)  
  148  18:35  Nexus  
  148  18:50  Pylon  
  148  18:54  High Templar x3  
  154  19:03  High Templar x2  
  154  19:04  Archon  
  154  19:09  High Templar  
  160  19:10  Archon  
  160  19:23  Archon  
  160  19:28  High Templar x2  
  164  19:33  Archon  
  164  19:39  High Templar x4  
  172  19:48  Psionic Storm  
  172  20:02  Observer  
  172  20:04  Observer  
  172  20:05  High Templar  
  176  20:18  Dark Templar  
  176  20:19  Assimilator  
  178  20:30  Pylon  
  178  20:32  Dark Templar  
  178  20:33  Tempest  
  180  20:37  Dark Templar  
  184  20:58  Nexus  
  184  21:00  Pylon  
  184  21:01  Pylon  
  184  21:05  High Templar  
  184  21:10  High Templar  
  186  21:16  Zealot x4  
  194  21:29  Photon Cannon  
  194  21:32  Photon Cannon  
  186  21:42  Zealot x4  
  186  21:43  Zealot  
  196  21:49  Assimilator  
  196  21:58  Photon Cannon  
  186  22:05  Assimilator  
  184  22:19  Zealot x2  
  188  22:30  Tempest x2  
  182  22:55  High Templar x2  
  182  22:56  High Templar  
  188  22:59  High Templar  
  188  23:02  Archon  
  188  23:03  Nexus, Archon  
  188  23:04  Pylon  
  190  23:07  High Templar  
  190  23:08  High Templar  
  190  23:12  Archon  
  194  23:23  Zealot  
  194  23:24  Zealot, Oracle  
  149  23:48  Zealot x2  
  149  23:49  Zealot x4  
  133  23:57  Dark Templar x2  
  107  24:18  Zealot x3  
Tags
 
Add a new tag
Caveats
  • Supply blocks, unpowered buildings, or Contaminate may cause inaccurate times.
  • Supply counts are checked every 10 seconds.